 Dungeon Crawl Stone Soup version 0.31-a0-210-gccc998df9b (webtiles) character file.

Game seed: 17159732750513377025

23 qw the Shooter (level 2, -9/24 HPs)
             Began as a Minotaur Hexslinger on June 30, 2023.
             Mangled by a worm (10 damage)
             ... on level 2 of the Dungeon.
             The game lasted 00:00:22 (1086 turns).

qw the Shooter (Minotaur Hexslinger)                Turns: 1086, Time: 00:00:23

Health: -9/24      AC:  3    Str: 12    XL:     2   Next: 75%
Magic:  2/2        EV: 11    Int: 10    God:
Gold:   52         SH:  0    Dex: 12    Spells: 2/3 levels left

rFire   . . .        Y - +1 sling
rCold   . . .        (no shield)
rNeg    . . .        f - +0 leather armour
rPois   .            (helmet restricted)
rElec   .            (no cloak)
rCorr   .            (no gloves)
SInv    .            (no boots)
Will    .....        (no amulet)
Stlth   +            (no ring)
HPRegen 0.24/turn    (no ring)
MPRegen 0.08/turn

%: no passive effects
@: no status effects
A: horns 2, retaliatory headbutt
a: no special abilities


You were on level 2 of the Dungeon.
You visited 1 branch of the dungeon, and saw 2 of its levels.

You collected 52 gold pieces.


Innate Abilities, Weirdness & Mutations

You have a pair of horns on your head.
You reflexively headbutt those who attack you in melee.


   Skills:
 - Level 2.2 Fighting
 + Level 3.2 Ranged Weapons
 - Level 2.1 Dodging
 - Level 1.0 Spellcasting
 - Level 2.0 Hexes


You had 2 spell levels left.
You knew the following spells:

 Your Spells              Type           Power      Damage    Failure   Level
a - Slow                  Hex            16%        N/A       19%         1

Your spell library contained the following spells:

 Spells                   Type           Power      Damage    Failure   Level
 Inner Flame              Hex/Fire       2%         N/A       65%         3
 Portal Projectile        Hex/Tloc       4%         N/A       65%         3
 Cause Fear               Hex            2%         N/A       88%         4

Inventory:

Hand Weapons
 Y - a +1 sling (weapon)
Armour
 f - a +0 leather armour (worn)
Scrolls
 h - a scroll of identify
Potions
 a - a potion of lignification {unknown}
 b - a potion of mutation {unknown}
 d - a potion of degeneration {unknown}

Dungeon Overview and Level Annotations

Branches:
Dungeon (2/15)

Altars:


Message History

The worm is heavily wounded.
You shoot a sling bullet.
The sling bullet completely misses the worm.
You shoot a sling bullet.
The sling bullet barely misses the worm.
A worm comes into view.
You shoot a sling bullet. The sling bullet hits the worm.
The worm is moderately wounded.
You shoot a sling bullet. The sling bullet hits the worm.
The worm is severely wounded.
You shoot a sling bullet.
The sling bullet completely misses the worm.
You shoot a sling bullet.
The sling bullet barely misses the worm.
You shoot a sling bullet. The sling bullet hits the worm.
The worm is almost dead.
The worm closely misses you.
You shoot a sling bullet. The sling bullet hits the worm.
The worm is almost dead.
You shoot a sling bullet.
The sling bullet barely misses the worm.
The worm bites you!
You shoot a sling bullet. The sling bullet hits the worm.
The worm is almost dead.
The worm bites you.
You shoot a sling bullet.
The sling bullet completely misses the worm.
The worm bites you.
You shoot a sling bullet. The sling bullet hits the worm.
You kill the worm!
You shoot a sling bullet.
The sling bullet hits the worm but does no damage.
The worm barely misses you.
You shoot a sling bullet. The sling bullet hits the worm.
The worm is lightly wounded.
The worm bites you!
You shoot a sling bullet. The sling bullet hits the worm.
The worm is moderately wounded.
The worm bites you!
You die...

### ..# ######..# ..#
#....(..#
..###########.#####.##..
.................w.....<
........#####.##@#####..
.......[# #.##.%......
........# #.##########
........# #..
...)############
...............#
...............#.
...............#. ###.
####...........#.# .....


You could see a worm.

Vanquished Creatures
  2 worms (D:2)
  An endoplasm (D:1)
  A giant cockroach (D:1)
  A goblin (D:1)
  A hobgoblin (D:1)
  A quokka (D:1)
  4 ball pythons
  4 bats
  2 frilled lizards (D:1)
  2 kobolds (D:2)
  A rat (D:1)
20 creatures vanquished.

Notes
Turn   | Place    | Note
-------+----------+-------------------------------------------
     0 | D:1      | qw the Minotaur Hexslinger began the quest for the Orb.
     0 | D:1      | Reached XP level 1. HP: 16/16 MP: 1/1
     0 | D:1      | 0 ||| qw: Version: 0.3-a-24-ga2abf7b
     0 | D:1      | 0 ||| qw: Game counter: 7109
     0 | D:1      | 0 ||| qw: Melee chars always use a shield: true
     0 | D:1      | 0 ||| qw: God list: Okawaru
     0 | D:1      | 0 ||| qw: Allow faded altars: false
     0 | D:1      | 0 ||| qw: Do Orc after clearing Dungeon:15 true
     0 | D:1      | 0 ||| qw: Do second Lair branch before Depths: true
     0 | D:1      | 0 ||| qw: Lair rune preference: random
     0 | D:1      | 0 ||| qw: Goals: Normal
     0 | D:1      | 0 ||| PLANNING D:1-11
   441 | D:1      | Reached skill level 3 in Ranged Weapons
   471 | D:1      | Reached XP level 2. HP: 23/23 MP: 2/2
   838 | D:1      | 838 ||| UPGRADING to +0 leather armour.
   848 | D:1      | 848 ||| DROPPING +0 robe.
   849 | D:1      | 849 ||| READING scroll labelled UNI ZIDUMNYGH.
   850 | D:1      | 850 ||| READING scroll labelled VEJUDO FAKALIU.
   851 | D:1      | 851 ||| READING 2 scrolls labelled ZACIYJ EFUIGG.
   852 | D:1      | 852 ||| DROPPING scroll of poison.
  1085 | D:2      | HP: 1/24 [worm (10)]
  1086 | D:2      | Mangled by a worm

Levels and vault maps discovered:
D:1:      dpeg_arrival_snail, layout_basic
D:2:      layout_basic, uniq_crazy_yiuf_cottage

Skill      XL: |  1  2 |
---------------+-------+-----
Ranged Weapons | 3 |  3.2
Fighting       | 2 |  2.2
Dodging        | |  2.1
Spellcasting   | |  1.0
Hexes          | |  2.0

Action                     || total
---------------------------++-------
   Fire: Sling             ||    92
    Use: Scroll            ||     3
 Armour: Robe              ||     2
         Leather armour    ||    10
  Dodge: Dodged            ||    32

Table legend:
 A = Non-vault XP
 B = Vault XP
 C = Vault XP percentage of total XP
 D = Non-vault monster count
 E = Vault monster count
 F = Vault count percentage of total count
                 A         B        C        D         E       F
            +---------+---------+-------+---------+---------+-------
      Total |      34 |       0 |   0.0 |      20 |       0 |   0.0
            +---------+---------+-------+---------+---------+-------
        D:1 |      19 |       0 |   0.0 |      14 |       0 |   0.0
        D:2 |      15 |       0 |   0.0 |       6 |       0 |   0.0
            +---------+---------+-------+---------+---------+-------
